 Dungeon Crawl Stone Soup version 0.22-a0-303-g4a852b3 (webtiles) character file.

765 grindst0ne the Skirmisher (level 7, -7/56 HPs)
             Began as a Mummy Fighter on Mar 27, 2018.
             Killed by divine providence
             ... invoked by an orc priest
              (13 damage)
             ... on level 4 of the Dungeon.
             The game lasted 00:06:09 (3466 turns).

grindst0ne the Skirmisher (Mummy Fighter)           Turns: 3466, Time: 00:06:10

Health: -7/56      AC: 11    Str: 21    XL:     7   Next: 51%
Magic:  7/7        EV:  4    Int:  8    God:
Gold:   193        SH:  9    Dex: 11    Spells: 6/6 levels left

rFire    . . .     SeeInvis .   a - +0 war axe
rCold    + + .     Gourm    .   c - +0 shield
rNeg     + + +     Faith    .   e - +0 plate armour
rPois    ∞         Spirit   .   (no helmet)
rElec    .         Reflect  .   k - scarf {rC+ rF+}
rCorr    .         Harm     .   (no gloves)
MR       .....                  (no boots)
Stlth    ..........             o - amulet of the acrobat
HPRegen  0.18/turn              (no ring)
MPRegen  0.10/turn              (no ring)

@: no status effects
A: no food or potions, fire vulnerability, cold resistance 1, negative energy
resistance 3, torment resistance, unbreathing
a: no special abilities


You were on level 4 of the Dungeon.
You were not hungry.

You visited 1 branch of the dungeon, and saw 4 of its levels.

You collected 193 gold pieces.

Inventory:

Hand Weapons
 a - a +0 war axe (weapon)
Armour
 c - a +0 shield (worn)
 e - a +0 plate armour (worn)
 k - a scarf of resistance (worn)
Jewellery
 b - the ring "Rute" {Ice Str+4}
   (You found it on level 4 of the Dungeon)

   [ring of ice]

   It enhances your ice magic.
   It affects your strength (+4).
   It makes you vulnerable to fire.
   It protects you from cold.
 o - an amulet of the acrobat (around neck)
Wands
 m - a wand of random effects (29)
Scrolls
 d - a scroll of identify
 f - 5 scrolls of teleportation
 g - a scroll of magic mapping
 h - 3 scrolls of remove curse
 i - 2 scrolls of enchant armour
 j - 2 scrolls of amnesia
 l - a scroll of fog
 n - a scroll of enchant weapon {unknown}


   Skills:
 + Level 5.1 Fighting
 + Level 3.7 Axes
 + Level 4.2 Armour
 + Level 4.2 Shields


You had 6 spell levels left.
You didn't know any spells.

Dungeon Overview and Level Annotations

Branches:
Dungeon (4/15)
 Temple: D:4-7

Altars:

Annotations:
D:1 exclusion: 2 downstairs


Innate Abilities, Weirdness & Mutations

You do not eat or drink.
Your flesh is vulnerable to fire.
You are immune to poison.
Your flesh is cold resistant. (rC+)
You are immune to negative energy. (rN+++)
You are immune to unholy pain and torment.
You can survive without breathing.


Message History

The orc priest is almost dead.
The orc priest invokes the aid of Beogh against you.
Beogh smites you!
The orc priest hits you but does no damage.
You hit the orc priest but do no damage.
The orc priest is almost dead.
The orc priest invokes the aid of Beogh against you.
Beogh smites you!
* * * LOW HITPOINT WARNING * * *
You hit the orc priest but do no damage.
The orc priest is almost dead.
The orc priest invokes the aid of Beogh against you.
Beogh smites you!
* * * LOW HITPOINT WARNING * * *
You barely miss the orc priest.
The orc priest is severely wounded.
You block the orc priest's attack.
The orc priest calls down the wrath of Beogh upon you.
Beogh smites you!
You die...

.... ...# ...#
####...###
#.........
#.........
#.o....... #o#
#@# #.# #.#
###########
#(#
..........#
#.#
#########.#
#.# # ##.##
#(# ## #...#
#.#
.#######...###
#.#


You could see an orc priest and an orc.

Vanquished Creatures
  Grinder (D:4)
  Eustachio (D:4)
  A phantom (D:4)
  A scorpion (D:3)
  An orc priest (D:4)
  4 adders
  9 gnolls
  A shadow imp (D:3)
  2 oozes (D:2)
  3 worms
  4 dart slugs
  7 leopard geckos
  13 orcs
  7 bats
  4 giant cockroaches
  8 goblins
  5 hobgoblins
  3 jackals (D:1)
  2 quokkas
  A ball python (D:1)
  4 frilled lizards
  2 jackal skeletons (D:4)
  5 kobolds
  2 leopard gecko skeletons (D:4)
  6 rats
97 creatures vanquished.

Notes
Turn   | Place    | Note
-------+----------+-------------------------------------------
     0 | D:1      | grindst0ne the Mummy Fighter began the quest for the Orb.
     0 | D:1      | Reached XP level 1. HP: 18/18 MP: 1/1
    78 | D:1      | Reached XP level 2. HP: 16/24 MP: 2/2
   627 | D:1      | Reached XP level 3. HP: 17/29 MP: 3/3
  1146 | D:2      | Noticed a sky beast
  1193 | D:2      | Reached XP level 4. HP: 20/35 MP: 4/4
  1443 | D:3      | Reached XP level 5. HP: 16/42 MP: 5/5
  1891 | D:3      | Reached skill level 4 in Fighting
  2692 | D:4      | Noticed Grinder
  2718 | D:4      | Reached XP level 6. HP: 31/48 MP: 6/6
  3028 | D:4      | Paralysed by Grinder for 7 turns
  3037 | D:4      | Paralysed by Grinder for 4 turns
  3056 | D:4      | Paralysed by Grinder for 4 turns
  3067 | D:4      | Killed Grinder
  3067 | D:4      | Reached XP level 7. HP: 45/55 MP: 7/7
  3135 | D:4      | Noticed Eustachio
  3169 | D:4      | Killed Eustachio
  3169 | D:4      | Reached skill level 5 in Fighting
  3202 | D:4      | Got a pitted jade ring
  3203 | D:4      | Identified the ring "Rute" {Ice Str+4} (You found it on level 4 of the Dungeon)
  3466 | D:4      | Killed from afar by an orc priest

Vault maps used:
D:1:      lightli_iron_boxes
D:3:      serial_bayou, serial_bayou_ford_a, serial_bayou_pond_d,
          serial_bayou_crossing, serial_bayou_pond_d, serial_bayou_lagoon_a,
          corexii_corridor_pit
D:4:      first_ration, nemelex_lonely_heart_becter, uniq_eustachio,
          uniq_grinder

Skill      XL: |  1  2  3  4  5  6  7 |
---------------+----------------------+-----
Axes           | 2 3 |  3.7
Armour         | 3 4 |  4.2
Shields        | 3 4 |  4.2
Fighting       | 4 5 |  5.1

Action                   |  1- 3 |  4- 6 |  7- 9 || total
-------------------------+-------+-------+-------++-------
Melee: War axe           |   160 |   273 |    51 ||   484
  Use: Scroll            |       |     7 |       ||     7
Armor: Scale mail        |    25 |       |       ||    25
       Plate armour      |    98 |   196 |    58 ||   352
Dodge: Dodged            |    29 |    52 |    30 ||   111
Block: Shield            |   109 |   167 |    29 ||   305

Table legend:
 A = Spawn XP
 B = Non-spawn XP
 C = Spawn XP percentage of total XP
 D = Spawn monster count
 E = Non-spawn monster count
 F = Spawn count percentage of total count
 G = Total turns spent on level
                    A         B        C        D         E        F      G
               +---------+---------+-------+---------+---------+-------+---------
         Total |       0 |    1093 |   0.0 |       0 |      97 |   0.0 |  3466
               +---------+---------+-------+---------+---------+-------+---------
           D:1 |       0 |      53 |   0.0 |       0 |      26 |   0.0 |   828
           D:2 |       0 |      61 |   0.0 |       0 |      19 |   0.0 |   575
           D:3 |       0 |     240 |   0.0 |       0 |      31 |   0.0 |  1257
           D:4 |       0 |     739 |   0.0 |       0 |      21 |   0.0 |   806
               +---------+---------+-------+---------+---------+-------+---------
